Map: Dusk Towers

Players

Ledni - Winner!

  • Race: Protoss Protoss
  • League: Platinum

Hanuman

  • Race: Zerg Zerg
  • League: Silver

VOD

Have the link to the VOD?

Description

Time

  • Played on: Feb. 6, 2016, 4:54 a.m.
  • Length: 13:31
Show
View Real Time Build Order
Export as new Build Order

Ledni Protoss - Winner!

Build Orders: 1 Gate Expand 

Get SALT Encoding   

  12  0:00  Probe (Chrono Boost)  
  13  0:11  Probe (Chrono Boost)  
  14  0:20  Pylon  
  14  0:22  Probe (Chrono Boost)  
  15  0:38  Probe (Chrono Boost)  
  15  0:42  Gateway  
  16  0:48  Assimilator  
  16  0:49  Probe (Chrono Boost)  
  17  1:00  Probe (Chrono Boost)  
  18  1:12  Probe (Chrono Boost)  
  19  1:23  Probe (Chrono Boost)  
  20  1:34  Nexus  
  20  1:35  Probe (Chrono Boost)  
  21  1:41  Cybernetics Core  
  21  1:45  Probe (Chrono Boost)  
  22  1:51  Pylon  
  22  1:57  Pylon  
  22  2:00  Probe (Chrono Boost)  
  23  2:11  Probe (Chrono Boost)  
  24  2:16  Zealot  
  26  2:25  Warp Gate (Chrono Boost)  
  26  2:26  Gateway  
  26  2:31  Mothership Core (Chrono Boost)  
  28  2:38  Assimilator  
  28  2:49  Probe (Chrono Boost)  
  28  2:51  Adept  
  31  2:53  Probe (Chrono Boost)  
  32  3:00  Probe (Chrono Boost)  
  32  3:04  Probe (Chrono Boost)  
  34  3:10  Probe (Chrono Boost)  
  35  3:14  Adept (Chrono Boost), Probe (Chrono Boost)  
  35  3:19  Adept (Chrono Boost)  
  40  3:21  Probe (Chrono Boost)  
  40  3:24  Probe (Chrono Boost)  
  42  3:32  Probe  
  43  3:36  Twilight Council, Probe  
  43  3:40  Adept (Chrono Boost)  
  46  3:44  Probe, Adept (Chrono Boost)  
  49  3:49  Probe  
  49  3:55  Pylon  
  50  3:56  Probe (Chrono Boost)  
  50  4:01  Probe (Chrono Boost)  
  52  4:05  Pylon  
  52  4:08  Probe (Chrono Boost)  
  53  4:11  Probe (Chrono Boost)  
  54  4:20  Probe (Chrono Boost)  
  55  4:30  Adept x2  
  55  4:31  Probe (Chrono Boost)  
  59  4:32  Probe (Chrono Boost)  
  59  4:33  Resonating Glaives (Chrono Boost)  
  61  4:41  Probe  
  61  4:43  Robotics Facility  
  62  4:47  Stargate  
  62  4:54  Pylon  
  62  4:56  Pylon  
  62  4:58  Pylon  
  62  5:02  Assimilator  
  62  5:07  Assimilator  
  62  5:12  Probe x2, Dark Shrine  
  64  5:22  Probe  
  64  5:24  Probe, Gateway  
  64  5:27  Gateway  
  66  5:29  Gateway  
  66  5:30  Observer  
  66  5:31  Gateway  
  66  5:33  Pylon, Gateway  
  66  5:34  Gateway  
  67  5:47  Pylon  
  67  5:51  Nexus  
  67  5:55  Pylon  
  67  5:57  Pylon  
  67  5:59  Pylon  
  67  6:02  Immortal  
  71  6:18  Forge  
  71  6:19  Forge  
  71  6:23  Pylon, Probe x2 (Chrono Boost)  
  73  6:30  Robotics Bay  
  73  6:33  Probe x2 (Chrono Boost)  
  75  6:44  Probe (Chrono Boost), Dark Templar  
  75  6:45  Dark Templar x2  
  82  6:52  Immortal  
  86  7:04  Sentry  
  86  7:06  Probe x2 (Chrono Boost)  
  86  7:07  Probe (Chrono Boost)  
  90  7:11  Protoss Ground Weapons Level 1 (Chrono Boost)  
  90  7:16  Probe (Chrono Boost), Zealot  
  90  7:17  Probe x2 (Chrono Boost), Zealot  
  97  7:27  Probe (Chrono Boost), Photon Cannon  
  97  7:29  Probe (Chrono Boost)  
  99  7:30  Sentry  
  99  7:31  Sentry  
  99  7:32  Probe (Chrono Boost)  
  99  7:34  Assimilator  
  104  7:39  Assimilator  
  104  7:40  Blink (Chrono Boost)  
  104  7:42  Pylon  
  104  7:49  Probe (Chrono Boost), Immortal  
  104  7:50  Probe x2 (Chrono Boost)  
  107  7:56  Protoss Ground Armor Level 1 (Chrono Boost)  
  111  8:04  Stalker  
  113  8:14  Stalker x2  
  113  8:15  Stalker  
  119  8:24  Pylon  
  119  8:26  Zealot x4  
  126  8:28  Disruptor  
  129  8:42  Robotics Facility  
  129  8:43  Robotics Facility  
  129  8:47  Stalker x2  
  129  8:48  Stalker x2  
  137  8:50  Probe  
  137  8:53  Nexus  
  138  8:56  Pylon  
  138  8:59  Pylon  
  138  9:18  Stalker x2  
  138  9:19  Zealot x4  
  138  9:21  Probe  
  151  9:29  Extended Thermal Lance  
  151  9:30  Pylon  
  151  9:31  Colossus (Chrono Boost)  
  151  9:37  Charge (Chrono Boost)  
  163  9:47  Colossus (Chrono Boost)  
  163  9:48  Protoss Ground Armor Level 2  
  164  9:54  Observer (Chrono Boost)  
  164  9:56  Protoss Ground Weapons Level 2  
  165  10:07  Probe  
  165  10:17  Gateway  
  165  10:24  Colossus (Chrono Boost)  
  177  10:43  Colossus (Chrono Boost)  
  177  10:47  Assimilator  
  177  10:52  Assimilator  
  177  10:57  Pylon  
  177  10:58  Colossus (Chrono Boost)  
  177  10:59  Pylon  
  183  11:10  Colossus (Chrono Boost)  
  189  11:14  Stalker x2  
  191  11:30  Colossus (Chrono Boost)  
  197  11:53  Dark Templar x3  
  197  12:14  Photon Cannon  
  197  12:17  Photon Cannon  
  197  12:25  Nexus  
  197  12:29  Assimilator  
  197  12:34  Assimilator  
  197  12:38  Pylon  
  197  12:40  Pylon  
  197  12:42  Pylon  
Show
View Real Time Build Order
Export as new Build Order

Hanuman Zerg 

Build Orders: Hatch First 

Get SALT Encoding   

  12  0:01  Drone  
  13  0:09  Drone  
  14  0:17  Overlord  
  14  0:36  Drone x3  
  17  0:56  Hatchery  
  16  1:03  Drone  
  17  1:04  Drone  
  18  1:24  Spawning Pool  
  17  1:30  Drone  
  18  2:08  Hatchery, Extractor  
  16  2:11  Queen  
  16  2:12  Queen  
  20  2:16  Zergling x6  
  24  2:39  Hatchery  
  23  3:02  Drone  
  23  3:03  Drone x3, Roach Warren  
  26  3:06  Extractor  
  25  3:31  Drone x2  
  25  3:32  Overlord  
  27  3:43  Overlord  
  27  3:55  Zergling x4  
  27  3:56  Zergling x14  
  35  4:09  Roach x4  
  43  4:31  Roach  
  43  4:32  Roach x2  
  43  4:37  Overlord x2  
  48  4:54  Spore Crawler  
  48  4:55  Spore Crawler  
  48  4:58  Spore Crawler  
  45  5:05  Queen  
  47  5:08  Drone  
  48  5:17  Lair  
  48  5:39  Drone x2  
  50  6:05  Drone x5  
  50  6:06  Drone  
  56  6:18  Hydralisk Den  
  55  6:35  Overseer  
  55  6:39  Drone x5  
  61  6:40  Drone x6  
  66  7:09  Overlord x2  
  66  7:10  Overlord x2  
  66  7:14  Muscular Augments  
  66  7:22  Infestation Pit  
  65  7:23  Overlord x2  
  65  7:24  Overlord  
  65  7:29  Hydralisk x4  
  69  7:30  Hydralisk  
  69  7:34  Extractor  
  69  7:35  Drone x2  
  69  7:36  Extractor  
  75  7:37  Drone  
  76  8:09  Infestor  
  78  8:16  Zergling x2  
  78  8:17  Zergling x30  
  94  8:32  Hydralisk  
  94  8:33  Hydralisk  
  98  8:53  Drone x3  
  98  8:54  Drone x5, Evolution Chamber x2  
  98  8:55  Drone x3  
  107  8:56  Drone  
  108  9:21  Metabolic Boost  
  108  9:25  Zerg Missile Weapons Level 1  
  108  9:41  Hatchery  
  107  9:57  Overlord x4  
  107  10:04  Extractor  
  106  10:07  Extractor  
  106  10:11  Hydralisk x2  
  106  10:12  Hydralisk x4  
  117  10:27  Zergling x12  
  117  10:28  Zergling x6  
  126  10:33  Zergling x14  
  126  10:34  Zergling x4  
  135  10:58  Hive  
  135  11:07  Drone x2  
  135  11:08  Drone x4, Queen  
  135  11:10  Overlord x3  
  142  11:32  Drone x12  
  142  11:40  Overseer  
  129  12:04  Drone  
  129  12:08  Drone x4  
  133  12:09  Drone  
  133  12:11  Queen  
  137  12:18  Hydralisk  
  137  12:19  Hydralisk x3, Roach x2  
  137  12:20  Roach  
  147  12:31  Spire  
Tags
 
Add a new tag
Caveats
  • Supply blocks, unpowered buildings, or Contaminate may cause inaccurate times.
  • Supply counts are checked every 10 seconds.